 Dungeon Crawl Stone Soup version 0.29.1-1-gd02db6906a (webtiles) character file.

Game seed: 6435176386029653660

3626 Earthwalker the Fighter (level 9, -10/82 HPs)
             Began as a Minotaur Fighter on Oct 20, 2022.
             Was a Priest of Okawaru.
             Mangled by a hornet (11 damage)
             ... on level 7 of the Dungeon.
             The game lasted 00:18:16 (8215 turns).

Earthwalker the Fighter (Minotaur Fighter)          Turns: 8215, Time: 00:18:16

Health: -10/82     AC: 15    Str: 24    XL:     9   Next: 87%
Magic:  8/8        EV: 12    Int:  5    God:    Okawaru [***...]
Gold:   399        SH:  6    Dex: 11    Spells: 8/8 levels left

rFire   . . .      SeeInvis .   a - +0 war axe
rCold   . . .      Faith    .   c - +0 buckler
rNeg    . . .      Spirit   .   H - +0 plate armour
rPois   .          Reflect  .   g - +1 hat
rElec   .          Harm     .   (no cloak)
rCorr   .          Rampage  .   (no gloves)
Will    .....                   (no boots)
Stlth   ..........              (no amulet)
HPRegen 0.23/turn               A - ring of flight
MPRegen 0.11/turn               C - +4 ring of evasion

@: marked, flying, slowed, very slow
A: horns 2, retaliatory headbutt
a: Renounce Religion, Heroism


You were on level 7 of the Dungeon.
You worshipped Okawaru.
Okawaru was most pleased with you.
You visited 1 branch of the dungeon, and saw 8 of its levels.
You also visited: Sewer.

You collected 399 gold pieces.

Inventory:

Hand Weapons
 a - a +0 war axe (weapon)
Missiles
 k - 9 curare-tipped darts
 w - a boomerang (quivered)
 D - 2 throwing nets
 E - 33 poisoned darts
Armour
 c - a +0 buckler (worn)
 g - a +1 hat (worn)
 v - a +0 chain mail
 H - a +0 plate armour (worn)
Jewellery
 q - a +6 ring of intelligence
 A - a ring of flight (left hand)
 C - a +4 ring of evasion (right hand)
Wands
 K - a wand of flame (23)
Scrolls
 b - 2 scrolls of silence {unknown}
 e - 3 scrolls of vulnerability {unknown}
 f - a scroll of acquirement {unknown}
 h - a scroll of magic mapping {unknown}
 l - a scroll of amnesia {unknown}
 n - 4 scrolls of enchant armour {unknown}
 o - a scroll of noise {unknown}
 p - 2 scrolls of fear {unknown}
 r - a scroll of immolation {unknown}
 s - a scroll of butterflies {unknown}
 y - a scroll of enchant weapon {unknown}
 z - 5 scrolls of identify {unknown}
 I - a scroll of poison {unknown}
Potions
 d - 2 potions of might
 i - 2 potions of brilliance {unknown}
 j - 2 potions of magic {unknown}
 m - 2 potions of curing {unknown}
 t - a potion of degeneration {unknown}
 u - 3 potions of cancellation {unknown}
 x - 3 potions of haste
 B - 6 potions of mutation {unknown}
 F - 4 potions of heal wounds {unknown}
 G - a potion of experience {unknown}
 J - a potion of resistance {unknown}
 L - a potion of ambrosia {unknown}


   Skills:
 * Level 8.9 Fighting
 * Level 8.4 Axes
 * Level 8.8 Armour
 + Level 4.9 Dodging
 * Level 8.8 Shields


You had 8 spell levels left.
You didn't know any spells.
Your spell library contained the following spells:

 Spells                   Type           Power      Damage    Failure   Level
 Dazzling Flash           Conj/Hex       0%         N/A       100%        3
 Agony                    Necr           0%         N/A       100%        5
 Silence                  Hex/Air        0%         N/A       100%        5


Dungeon Overview and Level Annotations

Branches:
Dungeon (8/15)             Temple (0/1) D:5           Sewer (visited)
   Lair: D:8-11

Altars:
Nemelex Xobeh
Okawaru
Ru
Trog
Xom
Yredelemnul

Shops:
D:4 *   D:7 (


Innate Abilities, Weirdness & Mutations

You have a pair of horns on your head.
You reflexively headbutt those who attack you in melee.


Message History

You hit the hornet.
The hornet is heavily wounded.
You hit the bullfrog.
You feel sick.
The hornet stings you but does no damage.
You block the bullfrog's attack. The hornet closely misses you.
The bullfrog hits you.
* * * LOW HITPOINT WARNING * * *
You block the hornet's attack.
You closely miss the hornet.
The hornet is heavily wounded.
You miss the bullfrog.
You feel sick. You block the bullfrog's attack. The hornet barely misses you.
The bullfrog hits you but does no damage.
The hornet stings you but does no damage.
Unknown command.
You barely miss the hornet.
The hornet is moderately wounded.
You miss the bullfrog.
You feel yourself speed up.
You feel sick. The bullfrog barely misses you. You block the hornet's attack.
You block the bullfrog's attack.
The hornet stings you but does no damage.
You block the bullfrog's attack.
The hornet stings you but does no damage.
You hit the hornet.
The hornet is heavily wounded.
You hit the bullfrog.
You feel sick.
You are no longer poisoned.
The bullfrog hits you but does no damage.
The hornet closely misses you. The bullfrog closely misses you.
You furiously retaliate!
You headbutt the bullfrog! You hit the hornet.
The hornet is heavily wounded.
You slash the bullfrog!
You kill the bullfrog!
Okawaru accepts your kill. The hornet stings you.
* * * LOW HITPOINT WARNING * * *
You feel yourself slow down. The hornet stings you!
You die...

#.## ####..#### #..#..#
#.# ##........####
#.###.. #.#
#............## ##.#
### #.##
#.............# #..#
#..####............##
#.##
.....###...........#
##.#
####...#.....())...#
###.## #
###..)......†...#
##...### #
####......)@y##
#......## ##.....÷).#
##.......##
#.......####.........##
##........##..........#
##...###)............##
##### ###............#
##...........#
##...........##
#.∩#........<##


You could see a hornet.

Vanquished Creatures
  Prince Ribbit (D:7)
  6 yaks (D:7)
  A water moccasin (D:7)
  2 black bears
  2 ice beasts (D:6)
  A sky beast (D:7)
  2 ogres (D:5)
  A centaur (D:6)
  2 phantoms
  4 kobold brigands
  3 bullfrogs (D:7)
  A scorpion (D:6)
  A gnoll sergeant (D:5)
  A necrophage (D:7)
  A killer bee (D:7)
  5 hounds
  3 jellies
  2 orc priests
  A gnoll bouda (D:4)
  2 iguanas
  2 orc wizards (D:3)
  15 gnolls
  18 adders
  7 river rats
  A shadow imp (D:7)
  2 white imps
  3 ufetubi
  2 dart slugs
  22 orcs
  12 ball pythons
  A bat (D:3)
  8 endoplasms
  5 giant cockroaches
  4 goblins
  6 hobgoblins
  2 jackals (D:1)
  25 kobolds
  4 quokkas
  25 rats
206 creatures vanquished.

Notes
Turn   | Place    | Note
-------+----------+-------------------------------------------
     0 | D:1      | Earthwalker the Minotaur Fighter began the quest for the
                  | Orb.
     0 | D:1      | Reached XP level 1. HP: 19/19 MP: 0/0
   172 | D:1      | Reached XP level 2. HP: 25/27 MP: 1/1
   362 | D:1      | Found a faded altar of an unknown god.
   699 | D:2      | Reached XP level 3. HP: 33/33 MP: 2/2
  1631 | D:3      | Reached skill level 1 in Dodging
  1631 | D:3      | Reached XP level 4. HP: 40/40 MP: 3/3
  2480 | D:3      | Reached XP level 5. HP: 20/47 MP: 4/4
  2874 | D:4      | Found a shimmering altar of Xom.
  3076 | D:4      | Reached skill level 5 in Fighting
  3083 | D:4      | Reached skill level 5 in Shields
  3127 | D:4      | Found a basalt altar of Yredelemnul.
  3133 | D:4      | Reached XP level 6. HP: 21/56 MP: 5/5
  3169 | D:4      | Reached skill level 5 in Armour
  3536 | D:4      | Found an iron altar of Okawaru.
  3548 | D:4      | Found a sparkling altar of Nemelex Xobeh.
  3555 | D:4      | Found Joydiugg's Assorted Antiques.
  3852 | D:5      | Entered Level 5 of the Dungeon
  4013 | D:5      | Reached XP level 7. HP: 34/61 MP: 6/6
  4176 | D:5      | Reached skill level 5 in Axes
  4189 | D:5      | Found a staircase to the Ecumenical Temple.
  4244 | D:4      | Became a worshipper of Warmaster Okawaru
  4470 | D:5      | Found a bloodstained altar of Trog.
  4772 | D:5      | Found a sacrificial altar of Ru.
  4923 | D:6      | Found a glowing drain.
  4930 | Sewer    | Entered a sewer
  5018 | Sewer    | Reached * piety under Okawaru
  5019 | Sewer    | Reached XP level 8. HP: 71/71 MP: 7/7
  6769 | D:6      | Identified the +8 shortbow of Xom's Pride {vorpal, Fragile
                  | rPois Int+6}
  6967 | D:7      | Noticed Prince Ribbit
  6981 | D:7      | Killed Prince Ribbit
  6982 | D:7      | Reached XP level 9. HP: 68/80 MP: 8/8
  7036 | D:7      | Found Jiagull's Weapon Boutique.
  7675 | D:7      | Reached ** piety under Okawaru
  8209 | D:7      | Reached *** piety under Okawaru
  8215 | D:7      | HP: 1/82 [hornet (4)]
  8215 | D:7      | Mangled by a hornet

Illustrated notes

Levels and vault maps discovered:
D:1:      eino_arrival_cavern_e, layout_rooms, chequers_ecumenical_altar_island
D:2:      kennysheep_big_flooded_room, layout_basic, minmay_pentomino_r2
D:3:      layout_basic
D:4:      layout_loops_ring, nicolae_overflow_hidden_temple, serial_shops, shop
D:5:      layout_cave_pools, lemuel_coloured_pillars_altar,
          mainiacjoe_overflow_alcove_1, minmay_temple_entry_mist, minivault_14
D:6:      layout_loops_corners, gup_sewer_entry_bubbles
D:7:      layout_cave_pods, serial_shops, shop, minmay_misc_feat_plants,
          kennysheep_another_room, uniq_prince_ribbit1
D:8:      cheibrodos_ideogram_h, layout_basic

Skill      XL: |  1  2  3  4  5  6  7  8  9 |
---------------+----------------------------+-----
Shields        | 4 5 6 7 8 |  8.8
Fighting       | 4 5 6 7 8 |  8.9
Armour         | 4 5 6 7 8 |  8.8
Axes           | 3 4 5 7 8 |  8.4
Dodging        | 1 2 3 4 |  4.9

Action                   |  1- 3 |  4- 6 |  7- 9 || total
-------------------------+-------+-------+-------++-------
Melee: War axe           |    77 |   107 |   310 ||   494
       Headbutt          |    11 |    15 |    52 ||    78
Throw: Boomerang         |       |       |     4 ||     4
Armor: Scale mail        |    35 |     4 |       ||    39
       Chain mail        |       |    69 |   105 ||   174
       Plate armour      |       |       |    70 ||    70
Dodge: Dodged            |    38 |    52 |   217 ||   307
Block: Buckler           |    18 |    31 |   112 ||   161
